 Dungeon Sprint DCSS version 0.21-a0-201-g8501b10 (webtiles) character file.

158 Kidiri the Thaumaturge (level 5, -16/35 HPs)
             Began as a Deep Elf Fire Elementalist on Aug 18, 2017.
             Was an Initiate of Vehumet.
             Killed from afar by a deep elf mage (36 damage)
             ... with a bolt of cold
             ... in the Dungeon (Sprint III: "The Ten Rune Challenge").
             The game lasted 00:02:46 (411 turns).

Kidiri the Thaumaturge (Deep Elf Fire Elementalist)  Turns: 411, Time: 00:02:47

Health: -16/35     AC:  2    Str:  5    XL:     5   Next: 16%
Magic:  12/17      EV: 15    Int: 21    God:    Vehumet [......]
Gold:   47         SH:  0    Dex: 15    Spells: 2/20 levels left

rFire    . . .     SeeInvis .   b - +0 dagger
rCold    . . .     Gourm    .   (no shield)
rNeg     . . .     Faith    .   a - +0 robe
rPois    .         Spirit   .   (no helmet)
rElec    .         Reflect  .   (no cloak)
rCorr    .         Harm     .   (no gloves)
MR       .....     NoTele   +   (no boots)
Stlth    ++........             (no amulet)
HPRegen  0.51/turn              (no ring)
MPRegen  0.15/turn              (no ring)

@: no status effects
A: regeneration 1, robust 1
a: Renounce Religion


You were in the Dungeon.
You worshipped Vehumet.
Vehumet was noncommittal.
You were not hungry.

You visited 1 branch You collected 47 gold pieces.

Inventory:

Hand Weapons
 b - a +0 dagger (weapon)
Armour
 a - a +0 robe (worn)
Scrolls
 i - a scroll of blinking
 k - a scroll of immolation
 o - a scroll of holy word
 p - a scroll of remove curse
Potions
 d - a potion of curing
 e - a potion of heal wounds
 f - a potion of haste
 g - 2 potions of magic
 h - a potion of berserk rage
 j - 2 potions of mutation
 n - 3 potions of flight
 r - 2 potions of brilliance
Comestibles
 c - a bread ration
 m - 2 fruits
 q - a royal jelly
 s - 3 chunks of flesh


   Skills:
 + Level 3.1 Fighting
 + Level 0.0 Short Blades
 + Level 2.9 Armour
 + Level 5.2 Dodging
 - Level 2.4 Stealth
 * Level 8.1 Spellcasting
 + Level 4.1 Conjurations
 + Level 5.2 Fire Magic


You had 2 spell levels left.
You knew the following spells:

 Your Spells              Type           Power        Failure   Level  Hunger
a - Flame Tongue          Conj/Fire      ####.        1%          1    None
b - Throw Flame           Conj/Fire      ####..       1%          2    None
c - Conjure Flame         Conj/Fire      ####....     3%          3    None
d - Inner Flame           Hex/Fire       ###.....     8%          3    None
e - Sticky Flame          Conj/Fire      ####....     11%         4    ###....
f - Fireball              Conj/Fire      ####......   30%         5    #####..


Dungeon Overview and Level Annotations

Branches:
Dungeon (1/1)

Altars:
Elyvilon
Kikubaaqudgha
Sif Muna
Vehumet
Zin
The Shining One


Innate Abilities, Weirdness & Mutations

Your natural rate of healing is unusually fast.
You are robust. (+10% HP)


Message History

The deep elf mage is healed!
Unknown command.
The deep elf mage burns!
The deep elf mage burns!
The deep elf mage casts a spell at you. The shard of ice hits you!
There is an open door to the Ecumenical Temple here.
You close the door.
A deep elf mage opens the door.
You close the door.
A deep elf mage opens the door.
Casting: Sticky Flame
Confirm with . or Enter, or press ? or * to list all spells.
Aiming: Flame Tongue
Press: ? - help, Shift-Dir - straight line, f/p - deep elf mage
Aim: a deep elf mage, wielding a long sword of holy wrath (severely wounded)
The flame tongue hits the deep elf mage.
The deep elf mage is almost dead.
The deep elf mage casts a spell at you. The bolt of cold hits you!
Ouch! That really hurt!
You die...

▓▓▓▓▓▓▓▓▓▓ ▓▓▓ <.#..+...♣♣♣
♣.##### ..#..#.....♣♣
♣.#___# #'####....♣.♣
♣.#...#
.....#....≈.♣♣♣♣.###'#+###+
.....#...≈≈...♣.@#..........
.....#..≈≈≈≈..♣♣.'e⌠........
####'#..≈≈≈≈≈≈.♣.#...######+
..[..#.≈≈≈≈≈≈....#.⌠.#
.....#.≈≈≈≈≈.....#...#
.....#.≈≈≈.......#+###
'#####...........#.):#
.................#___#
▓▓▓▓▓▓▓▓▓▓▓▓▓▓▓▓▓▓▓▓▓▓


You could see a deep elf mage.

Vanquished Creatures
  A water elemental (D)
  A wizard (D)
  Jessica (D)
  A human (D)
  A kobold demonologist (D)
  An ooze (D)
  A phantom (D)
  2 rats (D)
9 creatures vanquished.

Vanquished Creatures (others)
  2 draconian scorchers (D)
  6 hellions (D)
  A yaktaur (D)
9 creatures vanquished.

Grand Total: 18 creatures vanquished

Notes
Turn   | Place    | Note
-------+----------+-------------------------------------------
     0 | D        | Kidiri the Deep Elf Fire Elementalist began the quest for the Orb.
     0 | D        | Reached XP level 1. HP: 10/10 MP: 6/6
     4 | D        | Reached skill level 1 in Fighting
    78 | D        | Noticed Jessica
    80 | D        | Killed Jessica
    80 | D        | Reached skill level 1 in Armour
    80 | D        | Reached skill level 5 in Spellcasting
    80 | D        | Reached XP level 2. HP: 17/17 MP: 5/10
    80 | D        | Reached XP level 3. HP: 21/21 MP: 5/11
    84 | D        | Learned a level 2 spell: Throw Flame
    88 | D        | Learned a level 3 spell: Conjure Flame
    92 | D        | Learned a level 3 spell: Inner Flame
    96 | D        | Killed a hellion
   119 | D        | Killed a hellion
   131 | D        | Killed a hellion
   131 | D        | Killed a hellion
   131 | D        | Killed a hellion
   135 | D        | Killed a hellion
   147 | D        | Reached skill level 6 in Spellcasting
   150 | D        | Killed a white draconian scorcher
   194 | D        | Killed a white draconian scorcher
   203 | D        | Killed a yaktaur
   264 | D        | Gained mutation: You are robust. (+10% HP) [potion of mutation]
   264 | D        | Gained mutation: Your natural rate of healing is unusually fast. [potion of mutation]
   265 | D        | Noticed a water elemental
   270 | D        | Killed a water elemental
   270 | D        | Reached skill level 7 in Spellcasting
   270 | D        | Reached XP level 4. HP: 29/29 MP: 6/15
   281 | D        | Learned a level 4 spell: Sticky Flame
   331 | D        | Found a radiant altar of Vehumet.
   332 | D        | Found a deep blue altar of Sif Muna.
   332 | D        | Found an ancient bone altar of Kikubaaqudgha.
   332 | D        | Noticed a wizard
   334 | D        | Noticed a sun demon
   335 | D        | Paralysed by a wizard for 6 turns
   336 | D        | Killed a wizard
   336 | D        | Reached skill level 5 in Dodging
   336 | D        | Reached skill level 5 in Fire Magic
   336 | D        | Reached XP level 5. HP: 33/35 MP: 7/17
   336 | D        | Reached skill level 8 in Spellcasting
   355 | D        | Learned a level 5 spell: Fireball
   361 | D        | Became a worshipper of Vehumet
   401 | D        | Found a glowing silver altar of Zin.
   402 | D        | Found a glowing golden altar of the Shining One.
   402 | D        | Found a white marble altar of Elyvilon.
   402 | D        | Noticed a deep elf mage
   411 | D        | Killed from afar by a deep elf mage

Vault maps used:
D:        dungeon_sprint_mu

Skill      XL: |  1  2  3  4  5 |
---------------+----------------+-----
Fighting       | 1 2 3 |  3.1
Armour         | 1 2 |  2.9
Dodging        | 3 4 5 |  5.2
Spellcasting   | 5 7 8 |  8.1
Conjurations   | 2 3 4 |  4.1
Fire Magic     | 4 5 |  5.2
Stealth        | |  2.4

Action                   |  1- 3 |  4- 6 || total
-------------------------+-------+-------++-------
 Cast: Flame Tongue      |    17 |     2 ||    19
       Throw Flame       |     4 |       ||     4
       Conjure Flame     |     1 |       ||     1
       Sticky Flame      |       |     3 ||     3
  Use: Scroll            |     4 |       ||     4
       Potion            |     1 |       ||     1
Dodge: Dodged            |     3 |     2 ||     5
